 Dungeon Crawl Stone Soup version 0.30.1-1-g62c8e00024 (webtiles) character file.

Game seed: 4141015853977670079

67 Gorgoleon the Conjurer (level 3, -4/19 HPs)
             Began as a Deep Elf Conjurer on July 16, 2023.
             Slain by a cerulean imp
             ... wielding a +2 spear
             ... summoned by Natasha
              (5 damage)
             ... on level 3 of the Dungeon.
             The game lasted 00:05:31 (2194 turns).

Gorgoleon the Conjurer (Deep Elf Conjurer)          Turns: 2194, Time: 00:05:32

Health: -4/19      AC:  2    Str:  6    XL:     3   Next: 98%
Magic:  5/9        EV: 12    Int: 22    God:
Gold:   91         SH:  0    Dex: 13    Spells: 5/8 levels left

rFire   . . .        d - +0 dagger
rCold   . . .        (no shield)
rNeg    . . .        a - +0 robe
rPois   .            (no helmet)
rElec   .            (no cloak)
rCorr   .            (no gloves)
SInv    .            (no boots)
Will    .....        (no amulet)
Stlth   ++           (no ring)
HPRegen 0.23/turn    (no ring)
MPRegen 0.11/turn

%: no passive effects
@: no status effects
A: no striking features
a: no special abilities


You were on level 3 of the Dungeon.
You visited 1 branch of the dungeon, and saw 3 of its levels.

You collected 91 gold pieces.

Inventory:

Hand Weapons
 d - a +0 dagger (weapon)
Armour
 a - a +0 robe (worn)
Jewellery
 k - a ring of poison resistance
Scrolls
 c - 3 scrolls of identify {unknown}
 g - a scroll of blinking {unknown}
 j - a scroll of vulnerability {unknown}
Potions
 b - a potion of magic
 e - 4 potions of attraction {unknown}
 f - a potion of mutation {unknown}
 h - a potion of cancellation {unknown}
 i - a potion of might {unknown}


   Skills:
 - Level 2.4 Dodging
 - Level 2.4 Stealth
 - Level 3.0 Spellcasting
 + Level 6.1 Conjurations


You had 5 spell levels left.
You knew the following spells:

 Your Spells              Type           Power      Damage    Failure   Level
a - Magic Dart            Conj           100%       1d8       1%          1
b - Searing Ray           Conj           60%        2d6       1%          2

Your spell library contained the following spells:

 Spells                   Type           Power      Damage    Failure   Level
 Dazzling Flash           Conj/Hex       32%        N/A       11%         3
 Beastly Appendage        Tmut           6%         N/A       12%         1
 Slow                     Hex            12%        N/A       12%         1
 Lesser Beckoning         Tloc           6%         N/A       19%         2
 Wereblood                Tmut           3%         N/A       19%         2
 Fulminant Prism          Conj/Hex       8%         3d7       34%         4
 Iskenderun's Mystic Bla  Conj/Tloc      16%        2d5       34%         4
 Confusing Touch          Hex            3%         N/A       36%         3
 Gell's Gravitas          Tloc           3%         N/A       36%         3
 Spider Form              Tmut/Pois      3%         N/A       36%         3
 Teleport Other           Tloc           3%         N/A       36%         3
 Vampiric Draining        Necr           3%         2d6       36%         3


Dungeon Overview and Level Annotations

Branches:
Dungeon (3/15)

Altars:

Annotations:
D:3 Natasha


Message History

The cerulean imp is heavily wounded.
The cerulean imp closely misses you.
You miss the cerulean imp.
The cerulean imp is heavily wounded.
The cerulean imp closely misses you.
You closely miss the cerulean imp.
The cerulean imp is heavily wounded.
The goblin shouts!
The cerulean imp disappears in a puff of smoke!
Aiming: Magic Dart (safe; 1% risk of failure)
Press: ? - help, Q - select action, (/) - cycle Shift-Dir - straight line, f - Natasha
Aim: Natasha (purple smoke, 100% to hit)
The magic dart hits Natasha.
Natasha is moderately wounded.
Natasha completely misses you.
The cerulean imp hits you from afar with a +2 spear.
Aiming: Magic Dart (safe; 1% risk of failure)
Press: ? - help, Q - select action, (/) - cycle Shift-Dir - straight line, f/p - Natasha
Aim: Natasha (purple smoke, moderately wounded, 100% to hit)
The magic dart hits Natasha.
Natasha is heavily wounded.
Natasha mumbles some strange words.
The cerulean imp barely misses you.
Aiming: Magic Dart (safe; 1% risk of failure)
Press: ? - help, Q - select action, (/) - cycle Shift-Dir - straight line, f/p - Natasha
Aim: Natasha (heavily wounded, 100% to hit)
The magic dart hits Natasha.
Natasha is heavily wounded.
Natasha claws you.
* * * LOW HITPOINT WARNING * * *
The cerulean imp hits you from afar with a +2 spear.
* * * LOW HITPOINT WARNING * * *
Aiming: Magic Dart (safe; 1% risk of failure)
Press: ? - help, Q - select action, (/) - cycle Shift-Dir - straight line, f/p - Natasha
Aim: Natasha (heavily wounded, 100% to hit)
The magic dart hits Natasha.
Natasha is severely wounded.
Natasha barely misses you.
The cerulean imp hits you from afar with a +2 spear.
You die...

#####...####.........### .
# ...........+.........'. .
. #####...####.........#
#.# ##..# #.......# #.##
##.# #.....# ##g..# #####.#
#55g# ##.#.#. #...#.# #5#
#....## #.....# #h# ##.###w
#>..### #@# #..#.#
##.###########.## ###
#.#.##
#.##...........###.## #.###
#.##.######.....#.#.## #.#
#.##.# #....#.###.####.#
#.##.#### #.#.#.## ##..†..#
#.......###.####.###.######
####..............#.##
###############.##


You could see Natasha, 3 cerulean imps and a goblin.

Vanquished Creatures
  An adder (D:3)
  2 worms
  4 bats
  5 endoplasms
  4 giant cockroaches
  4 goblins
  4 hobgoblins
  6 jackals
  3 kobolds (D:2)
  A quokka (D:2)
  4 ball pythons
  3 frilled lizards
  5 rats
46 creatures vanquished.

Notes
Turn   | Place    | Note
-------+----------+-------------------------------------------
     0 | D:1      | Gorgoleon the Deep Elf Conjurer began the quest for the
                  | Orb.
     0 | D:1      | Reached XP level 1. HP: 10/10 MP: 6/6
   199 | D:1      | Reached XP level 2. HP: 15/15 MP: 6/8
   230 | D:1      | Learned a level 2 spell: Searing Ray
   244 | D:1      | Reached skill level 5 in Conjurations
   931 | D:2      | Reached XP level 3. HP: 7/19 MP: 4/9
  1116 | D:2      | Found a faded altar of an unknown god.
  1988 | D:3      | Reached skill level 6 in Conjurations
  2174 | D:3      | Noticed Natasha
  2194 | D:3      | Slain by a cerulean imp

Illustrated notes

Levels and vault maps discovered:
D:1:      dpeg_arrival_shrine, layout_rooms, roderic_lattice_a,
          minmay_misc_feat_room
D:2:      layout_basic, basic_ecumenical_altar, grunt_ministairs_11,
          minmay_cupped
D:3:      layout_loops_corners, chequers_temple_overflow_statue_of_worship,
          serial_undead, serial_undead_b, serial_undead_f, serial_undead_b,
          serial_undead_d, uniq_natasha

Skill      XL: |  1  2  3 |
---------------+----------+-----
Conjurations   | 5 6 |  6.1
Dodging        | |  2.4
Stealth        | |  2.4
Spellcasting   | |  3.0

Action                     || total
---------------------------++-------
  Melee: Dagger            ||    10
   Cast: Magic Dart        ||    93
 Armour: Robe              ||     1
  Dodge: Dodged            ||    18
